Map: 2000 Atmospheres LE

Players

BattleB

  • Race: Terran Terran

Reynor - Winner!

  • Race: Zerg Zerg

Event: DreamHack SC2 Masters 2021 Winter

VOD

Have the link to the VOD?

Description

Time

  • Played on: Oct. 2, 2021, 12:17 p.m.
  • Length: 11:20

All games in this series

Show
View Real Time Build Order
Export as new Build Order

BattleB Terran 

Build Orders: Reaper Expand 

Get SALT Encoding   

  12  0:01  SCV  
  13  0:13  SCV  
  14  0:17  Supply Depot  
  14  0:25  SCV  
  15  0:39  SCV  
  15  0:40  Barracks  
  16  0:43  Refinery  
  16  0:51  SCV  
  17  1:03  SCV  
  18  1:15  SCV  
  19  1:26  Reaper  
  19  1:27  Orbital Command  
  20  1:38  Command Center  
  20  1:45  Supply Depot  
  20  1:52  SCV  
  21  1:58  Marine  
  22  2:04  SCV  
  22  2:06  Factory  
  23  2:10  Refinery  
  23  2:17  SCV  
  23  2:20  Barracks Reactor  
  24  2:29  SCV  
  25  2:41  SCV  
  26  2:50  Orbital Command  
  26  2:51  Starport  
  26  2:53  SCV  
  27  3:01  Hellion x2  
  27  3:05  Barracks Tech Lab, SCV  
  32  3:17  SCV x2  
  34  3:22  Hellion x2  
  34  3:25  Supply Depot  
  38  3:28  Viking  
  38  3:29  Marauder  
  38  3:32  SCV x2  
  44  3:44  SCV x2  
  50  3:49  Supply Depot  
  50  3:55  Stimpack, Marine  
  47  3:56  SCV x2  
  47  3:59  Starport Reactor  
  47  4:02  Factory Tech Lab, Barracks  
  49  4:05  Barracks  
  49  4:08  SCV x2  
  51  4:12  Supply Depot  
  51  4:18  Engineering Bay  
  51  4:20  SCV, Refinery  
  51  4:21  SCV, Marine  
  54  4:26  Siege Tank  
  57  4:32  SCV  
  57  4:33  SCV  
  57  4:35  Supply Depot  
  59  4:41  Marine  
  59  4:44  SCV, Terran Infantry Weapons Level 1  
  59  4:45  SCV  
  62  4:49  Marine  
  62  4:50  Marine, Starport Reactor  
  64  4:56  SCV  
  64  4:57  SCV  
  66  5:01  Barracks  
  66  5:02  Barracks  
  66  5:03  Refinery  
  66  5:04  Siege Tank  
  69  5:07  Supply Depot  
  69  5:09  Marine x2  
  69  5:12  SCV x2  
  69  5:13  Marine  
  74  5:14  Marine  
  74  5:18  Marine  
  74  5:21  Supply Depot  
  76  5:28  Supply Depot  
  76  5:30  Medivac x2, Marine  
  76  5:31  Marine  
  82  5:36  Supply Depot  
  82  5:38  Combat Shield  
  82  5:40  Marine  
  82  5:41  Marine  
  84  5:44  Siege Tank  
  87  5:51  Barracks Reactor  
  87  5:52  Barracks Reactor, Marine x2  
  87  5:54  Supply Depot, Marine  
  90  5:59  Marine  
  90  6:00  Supply Depot  
  90  6:02  Marine  
  92  6:06  Medivac  
  92  6:09  Medivac  
  92  6:10  Marine  
  97  6:12  Marine x2  
  97  6:15  Supply Depot  
  99  6:20  Supply Depot  
  99  6:22  Siege Tank  
  99  6:23  Marine x2  
  104  6:28  Marine x3  
  104  6:30  Marine  
  104  6:31  Marine  
  109  6:33  Marine  
  109  6:37  Marine  
  111  6:40  Marine  
  111  6:46  Marine  
  111  6:47  Marine  
  113  6:48  Marine  
  113  6:50  Supply Depot, Medivac  
  113  6:52  Marine x2  
  116  6:58  Siege Tank  
  116  6:59  Marine  
  119  7:03  Terran Infantry Armor Level 1  
  119  7:09  Marine x2  
  119  7:10  Marine  
  119  7:11  Marine x2  
  119  7:12  Marine  
  125  7:18  Marine x2  
  125  7:19  Marine  
  128  7:23  Medivac  
  128  7:26  Marine  
  128  7:27  Supply Depot  
  128  7:29  Marine x2  
  133  7:33  Marine  
  133  7:37  Marine x2  
  133  7:42  Siege Tank  
  138  7:48  Marine x2  
  138  7:49  Marine x2  
  142  7:52  Marine x2  
  142  7:55  Medivac  
  142  7:56  Medivac  
  145  8:05  Marine x3  
  130  8:06  Marine x2  
  130  8:07  Marine  
  130  8:12  Marine  
  131  8:15  Supply Depot  
  125  8:23  Marine x2  
  125  8:24  Siege Tank  
  125  8:25  Marine x2  
  115  8:27  Marine  
  115  8:28  Marine  
  115  8:29  Marine  
  115  8:32  Marine  
  115  8:33  Marine  
  120  8:39  Liberator  
  120  8:40  Marine  
  124  8:43  Liberator  
  124  8:45  Marine  
  128  8:48  Marine  
  128  8:49  Marine  
  128  8:51  Marine  
  128  8:53  Marine  
  132  8:57  Marine x3  
  135  9:04  Siege Tank  
  135  9:05  Marine x2  
  135  9:09  Marine x2  
  142  9:12  Marine x2  
  142  9:15  Marine  
  145  9:27  Marine x5  
  145  9:28  Marine  
  145  9:29  Marine  
  152  9:33  Marine x2  
  152  9:37  Liberator  
  155  9:41  Liberator  
  155  9:45  Marine  
  155  9:47  Marine x2  
  155  9:50  Siege Tank  
  160  9:58  Marine  
  135  10:02  Marine  
  135  10:03  Marine x5  
  135  10:05  Marine  
  123  10:12  Marine  
  108  10:16  Marine  
  108  10:20  Marine x2  
  108  10:21  Marine x3  
  102  10:22  Marine  
  102  10:23  Marine  
  102  10:27  Siege Tank  
  107  10:33  Marine  
  108  10:35  Marine  
  108  10:37  Marine  
  108  10:38  Marine  
  108  10:39  Marine  
  108  10:41  Marine  
  108  10:42  Marine  
  114  10:46  Marine x2  
  116  10:53  Marine x2  
  116  10:55  Marine  
  116  10:56  Marine x2  
  109  10:59  Marine  
  109  11:01  Marine  
Show
View Real Time Build Order
Export as new Build Order

Reynor Zerg - Winner!

Build Orders: Hatch First 

Get SALT Encoding   

  12  0:00  Drone  
  13  0:12  Overlord  
  13  0:16  Drone  
  14  0:30  Drone  
  14  0:31  Drone  
  16  0:47  Hatchery  
  15  0:51  Drone  
  15  0:55  Drone  
  17  0:57  Drone  
  18  1:08  Extractor  
  17  1:13  Spawning Pool  
  17  1:16  Drone  
  17  1:19  Drone  
  18  1:28  Drone  
  19  1:40  Drone  
  20  1:50  Overlord  
  20  1:59  Queen x2  
  20  2:00  Zergling x4  
  26  2:10  Drone  
  26  2:11  Drone  
  28  2:21  Drone  
  28  2:22  Drone  
  30  2:29  Hatchery  
  29  2:31  Drone  
  29  2:32  Drone  
  31  2:39  Queen  
  33  2:44  Metabolic Boost  
  33  2:49  Overlord  
  33  2:51  Drone  
  33  2:53  Drone  
  33  2:56  Drone  
  36  3:09  Overlord  
  36  3:11  Drone x4  
  40  3:15  Queen  
  40  3:19  Overlord  
  42  3:23  Drone  
  42  3:25  Drone  
  44  3:28  Queen  
  44  3:32  Drone  
  47  3:36  Overlord  
  47  3:46  Baneling Nest  
  47  3:47  Drone  
  47  3:49  Queen  
  47  3:52  Queen  
  51  3:56  Drone x4  
  51  3:57  Drone  
  51  3:59  Drone  
  51  4:00  Drone  
  58  4:04  Zergling x4  
  58  4:07  Overlord  
  60  4:11  Zergling x2  
  60  4:12  Zergling x2  
  62  4:20  Overlord  
  62  4:23  Drone x4  
  66  4:28  Zergling x4  
  68  4:31  Queen  
  68  4:33  Overlord  
  68  4:36  Zergling x4  
  72  4:40  Drone, Baneling x4  
  72  4:44  Drone, Spore Crawler  
  73  4:46  Drone x2  
  73  4:47  Spore Crawler  
  73  4:49  Baneling x3  
  73  4:51  Drone x4  
  79  4:52  Drone  
  79  4:56  Overlord  
  79  5:00  Drone  
  79  5:01  Drone x3  
  79  5:03  Extractor  
  79  5:04  Overlord  
  82  5:10  Overlord  
  82  5:15  Drone x2  
  82  5:17  Drone  
  82  5:18  Drone x2  
  82  5:21  Drone x2  
  89  5:23  Lair  
  89  5:25  Hatchery, Overlord  
  89  5:27  Drone x2  
  90  5:29  Drone  
  90  5:31  Extractor  
  90  5:34  Queen  
  92  5:35  Spore Crawler  
  92  5:37  Drone x2  
  92  5:39  Evolution Chamber  
  92  5:41  Evolution Chamber  
  91  5:44  Zergling x10  
  96  5:51  Overlord  
  96  5:52  Drone x2  
  96  5:53  Drone x3  
  101  5:58  Queen  
  101  6:03  Zergling x6  
  106  6:07  Extractor, Overlord  
  106  6:08  Extractor  
  103  6:14  Zergling x14  
  103  6:15  Zerg Ground Armor Level 1, Zerg Melee Weapons Level 1  
  110  6:19  Overlord  
  110  6:24  Queen  
  112  6:30  Zergling x10  
  112  6:31  Zergling x2  
  118  6:35  Centrifugal Hooks  
  118  6:36  Hatchery  
  116  6:45  Baneling x3  
  116  6:46  Zergling x12  
  122  6:49  Zergling x8  
  123  6:57  Zergling x4  
  123  7:00  Queen  
  127  7:02  Zergling x2  
  127  7:03  Zergling x4  
  130  7:09  Zergling x4  
  130  7:13  Zergling x4  
  132  7:16  Baneling  
  132  7:17  Baneling x10  
  132  7:18  Overlord  
  132  7:20  Zergling x6, Baneling x3  
  132  7:21  Baneling x4  
  135  7:23  Zergling x6  
  135  7:26  Zergling x2  
  139  7:31  Overlord x2  
  139  7:33  Baneling x2  
  139  7:34  Baneling x8  
  137  7:49  Zergling x12  
  137  7:51  Zergling x14  
  150  7:55  Zergling x2  
  151  8:02  Zergling x8  
  135  8:07  Queen  
  135  8:10  Drone x2  
  135  8:11  Drone x2, Zerg Melee Weapons Level 2, Zerg Ground Armor Level 2  
  135  8:12  Queen  
  139  8:14  Zergling x4  
  139  8:15  Zergling x2  
  134  8:23  Zergling x4  
  134  8:24  Zergling x6  
  134  8:25  Baneling x5  
  134  8:26  Baneling  
  111  8:27  Zergling x4, Queen  
  111  8:30  Baneling x10  
  115  8:34  Zergling x4  
  115  8:36  Baneling x3, Queen  
  115  8:40  Zergling x6  
  122  8:43  Queen  
  122  8:46  Zergling x8  
  122  8:47  Zergling x4  
  129  8:49  Baneling x4  
  129  8:55  Zergling x6  
  132  8:58  Zergling x4  
  133  9:07  Zergling x4  
  133  9:09  Zergling x10  
  140  9:11  Baneling  
  140  9:12  Baneling x5, Zergling x2  
  140  9:15  Zergling x2  
  142  9:20  Baneling x5  
  142  9:21  Overlord  
  142  9:22  Zergling x2  
  142  9:23  Zergling x4  
  145  9:29  Zergling x6  
  148  9:32  Zergling x4  
  148  9:36  Zergling x2  
  148  9:38  Baneling x12  
  148  9:39  Zergling x2, Queen x3  
  151  9:49  Zergling x2  
  151  9:50  Zergling x20  
  159  9:53  Overlord  
  128  10:01  Zergling x8, Queen  
  128  10:03  Zergling x2  
  126  10:11  Zergling x6  
  108  10:15  Zergling x2, Queen  
  108  10:17  Zergling x6, Queen  
  110  10:21  Zergling x2  
  110  10:22  Zergling x8  
  110  10:23  Baneling x2  
  110  10:25  Baneling x2  
  110  10:26  Baneling x4  
  110  10:27  Zergling x2  
  115  10:32  Zergling x4  
  115  10:33  Baneling x6  
  117  10:36  Zergling x4  
  117  10:40  Zergling x2  
  117  10:42  Queen  
  121  10:43  Baneling x9  
  121  10:45  Zergling x4  
  121  10:46  Zergling x2  
  121  10:52  Zergling x2  
  121  10:53  Zergling x14  
  124  11:01  Zergling x12  
  124  11:03  Zergling x4  
  126  11:07  Infestation Pit  

Tags
 
Add a new tag
Caveats
  • Supply blocks, unpowered buildings, or Contaminate may cause inaccurate times.
  • Supply counts are checked every 10 seconds.